 Dungeon Sprint DCSS version 0.18-a0-1655-ge2d8d33 (webtiles) character file.

132400000 namelastname112 the Formicid Barricade (level 27, -40/249 HPs)
             Began as a Formicid Fighter on Mar 30, 2016.
             Was the Champion of Makhleb.
             Killed from afar by a vile (75 damage)
             ... with a foul vapour
             ... in the Dungeon (Sprint VIII: "Arena of Blood").
             The game lasted 00:07:28 (1324 turns).

namelastname112 the Formicid Barricade (FoFi)       Turns: 1324, Time: 00:07:29

Health: -40/249    AC: 13    Str: 21    XL:     27
Magic:  54/54      EV: 31    Int: 12    God:    Makhleb [******]
Gold:   0          SH: 19    Dex: 19    Spells: 0 memorised, 80 levels left

rFire  . . .     SeeInvis +     l - +∞ Axe of Woe
rCold  . . .     Gourm    .     b - +0 scale mail
rNeg   . . .     Faith    .     c - +0 shield
rPois  .         Spirit   .     (helmet unavailable)
rElec  .         Dismiss  .     (no cloak)
rCorr  .         Reflect  .     (no gloves)
SustAt .         Harm     .     (no boots)
MR     ++...                    (no amulet)
Stlth  ++++++++..               (no ring)
                                f - +250 ring of slaying

@: lethally poisoned (-40 -> -69), very resistant to hostile enchantments,
extraordinarily stealthy
A: permanent stasis, dig shafts and tunnels, four strong arms, antennae 3
a: Dig, Minor Destruction, Lesser Servant of Makhleb, Major Destruction, Greater
Servant of Makhleb, Renounce Religion


You were in the Dungeon.
You worshipped Makhleb.
Makhleb was exalted by your worship.
You were near starving.

You visited 1 branch

Inventory:

Hand Weapons
 a - a +0 war axe
 l - the +∞ Axe of Woe (weapon)
   (You found it in the Dungeon)
Armour
 b - a +0 scale mail (worn)
 c - a +0 shield (worn)
Jewellery
 f - a +250 ring of slaying (left hand)
 m - a +30 ring of slaying
Scrolls
 k - a scroll of blinking
Potions
 d - a potion of might
 g - a potion of heal wounds
 h - a potion of haste
 i - 2 potions of magic
 j - a potion of berserk rage


   Skills:
 O Level 27 Fighting
 O Level 27 Axes
 O Level 27 Throwing
 O Level 27 Armour
 O Level 27 Dodging
 O Level 27 Stealth
 O Level 27 Shields
 O Level 27 Unarmed Combat
 O Level 27 Spellcasting
 O Level 27 Invocations


You had 80 spell levels left.
You didn't know any spells.

Dungeon Overview and Level Annotations

Branches:
Dungeon (1/1)

Altars:
Makhleb


Innate Abilities, Weirdness & Mutations

You are under a permanent stasis effect.
You can dig through walls and to a lower floor.
Your four strong arms can wield two-handed weapons with a shield.
You have a pair of large antennae on your head (SInv).


Message History

The dread calls on the powers of darkness!
The bag of meat convulses! x3; The observer convulses!
The observer turns its gaze towards you.
The meat berserker convulses!
Your body is wracked with pain!
* * * LOW HITPOINT WARNING * * *
You hear a shout! x4
A vile comes into view. It is wielding a mace.
Drink which item? (? for menu, Esc to quit)
You feel better.
You are engulfed in dark miasma.
You are poisoned.
* * * LOW HITPOINT WARNING * * *
You feel sick.
You hear a shout!
Some rock shatters into small pieces.
You hear a shout!
The vile throws miasma at you. The foul vapour engulfs you!
You are more poisoned.
Your stasis keeps you stable.
You die...

.....##.{zWDO..#.#...
#.....##9SO9G.G......
#...{WOzo9o....#
####...o..W..{{{
#.#.999L...{{{
##.99§##...{.{
##§.§§# ## ##§.§§.#
#§.@§.§####
#..##§..##.## #..
#.#..#.#.## #.
##....###.# #.
#.################ #
##.# ##...........
#.## #.▓▓▓▓▓▓▓▓▓▓▓
##.# #)▓ #.## #)▓


You could see a tyrant, an observer (invisible), a scourge, a sculptor of flesh,
2 dreads, 8 viles, 2 meat berserkers and 3 bags of meat.

Vanquished Creatures
  A molten gargoyle (D)
  7 vampire knights (D)
  17 ogres (D)
  A lich (D)
  34 orcs (D)
  3 hill giants (D)
  A skeletal warrior (D)
64 creatures vanquished.

Vanquished Creatures (others)
  6 crawling corpses (D)
6 creatures vanquished.

Grand Total: 70 creatures vanquished

Notes
Turn   | Place    | Note
--------------------------------------------------------------
     0 | D        | namelastname112 the Formicid Fighter began the quest for the Orb.
     0 | D        | Reached XP level 1. HP: 18/18 MP: 1/1
     4 | D        | Noticed a meat berserker
     4 | D        | Became a worshipper of Makhleb the Destroyer
     5 | D        | Noticed a bag of meat
     7 | D        | Noticed a bag of meat
     7 | D        | Noticed a bag of meat
     8 | D        | Noticed a bag of meat
     8 | D        | Noticed a meat berserker
    10 | D        | Killed a meat berserker
    10 | D        | Reached skill level 10 in Axes
    10 | D        | Reached XP level 2. HP: 51/51 MP: 2/2
    10 | D        | Reached XP level 3. HP: 58/58 MP: 3/3
    10 | D        | Reached XP level 4. HP: 65/65 MP: 4/4
    10 | D        | Reached XP level 5. HP: 72/72 MP: 5/5
    10 | D        | Reached XP level 6. HP: 79/79 MP: 6/6
    10 | D        | Reached XP level 7. HP: 85/85 MP: 7/7
    10 | D        | Reached XP level 8. HP: 93/93 MP: 8/8
    10 | D        | Reached XP level 9. HP: 99/99 MP: 9/9
    10 | D        | Reached XP level 10. HP: 107/107 MP: 10/10
    10 | D        | Reached XP level 11. HP: 113/113 MP: 11/11
    10 | D        | Reached XP level 12. HP: 120/120 MP: 12/12
    10 | D        | Reached XP level 13. HP: 127/127 MP: 13/13
    11 | D        | Noticed a bag of meat
    11 | D        | Killed a bag of meat
    11 | D        | Reached * piety under Makhleb
    11 | D        | Reached XP level 14. HP: 122/138 MP: 14/14
    11 | D        | Killed a bag of meat
    11 | D        | Reached XP level 15. HP: 131/148 MP: 15/15
    12 | D        | Noticed a meat berserker
    12 | D        | Killed a meat berserker
    12 | D        | Reached ** piety under Makhleb
    12 | D        | Reached XP level 16. HP: 143/161 MP: 16/16
    13 | D        | Noticed a meat berserker
    15 | D        | Noticed a large bag of meat
    16 | D        | Killed a meat berserker
    16 | D        | Reached *** piety under Makhleb
    16 | D        | Reached skill level 27 in Fighting
    16 | D        | Reached skill level 27 in Armour
    16 | D        | Reached skill level 27 in Shields
    16 | D        | Reached XP level 17. HP: 174/174 MP: 17/17
    17 | D        | Noticed a destroyer
    17 | D        | Noticed a meat berserker
    17 | D        | Killed a meat berserker
    17 | D        | Reached XP level 18. HP: 156/182 MP: 18/18
    18 | D        | Reached skill level 27 in Axes
    18 | D        | Reached **** piety under Makhleb
    18 | D        | Reached skill level 5 in Dodging
    18 | D        | Reached skill level 5 in Spellcasting
    19 | D        | Noticed a meat berserker
    20 | D        | Reached skill level 10 in Invocations
    21 | D        | Noticed a meat berserker
    21 | D        | Killed a meat berserker
    21 | D        | Reached skill level 15 in Stealth
    21 | D        | Reached XP level 19. HP: 189/189 MP: 18/34
    21 | D        | Killed a destroyer
    21 | D        | Reached ***** piety under Makhleb
    21 | D        | Reached skill level 15 in Throwing
    21 | D        | Reached skill level 15 in Unarmed Combat
    21 | D        | Reached XP level 20. HP: 197/197 MP: 18/38
    21 | D        | Reached skill level 15 in Dodging
    21 | D        | Reached skill level 15 in Spellcasting
    22 | D        | Noticed a meat berserker
    22 | D        | Noticed a destroyer
    22 | D        | Reached XP level 21. HP: 204/204 MP: 18/43
    23 | D        | Noticed a meat berserker
    23 | D        | Noticed a destroyer
    24 | D        | Killed a meat berserker
    24 | D        | Reached skill level 27 in Stealth
    24 | D        | Reached ****** piety under Makhleb
    25 | D        | Reached XP level 22. HP: 212/212 MP: 19/45
    26 | D        | Noticed a destroyer
    26 | D        | Noticed a meat berserker
    26 | D        | Killed a meat berserker
    26 | D        | Killed a destroyer
    26 | D        | Reached XP level 23. HP: 219/219 MP: 19/50
    27 | D        | Noticed a destroyer
    27 | D        | Reached skill level 27 in Invocations
    27 | D        | Reached XP level 24. HP: 227/227 MP: 19/53
    30 | D        | Reached skill level 27 in Throwing
    30 | D        | Reached skill level 27 in Unarmed Combat
    30 | D        | Reached skill level 27 in Spellcasting
    30 | D        | Reached skill level 27 in Dodging
    30 | D        | Reached XP level 25. HP: 234/234 MP: 20/54
    32 | D        | Killed a destroyer
    33 | D        | Reached XP level 26. HP: 232/242 MP: 21/54
    34 | D        | Reached XP level 27. HP: 249/249 MP: 21/54
    36 | D        | Killed a destroyer
    37 | D        | Noticed a destroyer
    39 | D        | Killed a destroyer
    43 | D        | Noticed a destroyer
    44 | D        | Noticed a tyrant
    45 | D        | Killed a tyrant
    45 | D        | Killed a destroyer
    47 | D        | Killed a destroyer
  1020 | D        | Paralysed by fainting for 11 turns
  1063 | D        | Noticed a vile
  1066 | D        | Killed a vile
  1318 | D        | Noticed a dread
  1318 | D        | Noticed an accursed
  1318 | D        | Noticed a dread
  1318 | D        | Noticed a fleshlord
  1318 | D        | Noticed a vile
  1318 | D        | Noticed a vile
  1318 | D        | Noticed a vile
  1318 | D        | Noticed a vile
  1319 | D        | Noticed a fleshlord
  1321 | D        | Noticed a tyrant
  1321 | D        | Noticed a vile
  1321 | D        | Noticed a vile
  1321 | D        | Noticed a vile
  1322 | D        | Noticed a dread
  1324 | D        | Noticed a vile
  1324 | D        | Killed from afar by a vile

Vault maps used:
D:        meatsprint

Skill      XL: |  1  2  3  4  5  6  7  8  9 10 11 12 13 14 15 16 17 18 19 20 21 22 23 24 |
---------------+-------------------------------------------------------------------------+-----
Fighting       | 19 21 22 24 27 | 27.0
Axes           | 10 11 12 13 19 25 27 | 27.0
Armour         | 19 21 22 24 27 | 27.0
Shields        | 21 22 23 26 27 | 27.0
Throwing       | 12 15 18 20 23 26 27 | 27.0
Dodging        | 11 14 17 18 22 25 27 | 27.0
Stealth        | 15 19 22 27 | 27.0
Unarmed Combat | 12 15 18 20 23 26 27 | 27.0
Spellcasting   | 11 14 18 19 23 26 27 | 27.0
Invocations    | 13 17 20 22 26 27 | 27.0

Action                   |  1- 3 |  4- 6 |  7- 9 | 10-12 | 13-15 | 16-18 | 19-21 | 22-24 | 25-27 || total
-------------------------+-------+-------+-------+-------+-------+-------+-------+-------+-------++-------
Melee: Executioner's axe |     1 |       |       |       |     2 |     6 |     3 |     3 |    16 ||    31
 Abil: Dig               |       |       |       |       |       |       |       |       |    16 ||    16
  Use: Potion            |       |       |       |       |       |       |       |       |     1 ||     1
 Stab: Distracted        |       |       |       |       |       |       |       |       |     1 ||     1
  Eat: Chunk             |       |       |       |       |       |       |       |       |     2 ||     2
       Bread ration      |       |       |       |       |       |       |       |       |     1 ||     1
